 Dungeon Crawl Stone Soup version 0.30-a0-168-g0b976cbdc4 (webtiles) character file.

Game seed: 5438062915708762562

27782 Pooter the Severer (level 13, -28/175 HPs)
             Began as a Minotaur Berserker on Sept 29, 2022.
             Was a High Priest of Trog.
             Annihilated by an orc knight
             ... wielding a +0 long sword
              (31 damage)
             ... on level 2 of the Orcish Mines.
             The game lasted 01:15:02 (12482 turns).

Pooter the Severer (Minotaur Berserker)            Turns: 12482, Time: 01:15:02

Health: -28/175    AC: 18    Str: 37    XL:     13   Next: 6%
Magic:  12/12      EV:  9    Int:  6    God:    Trog [*****.]
Gold:   704        SH:  0    Dex: 10    Spells: 12/12 levels left

rFire   + . .      SeeInvis .    a - +9 battleaxe
rCold   + . .      Faith    .    (shield currently unavailable)
rNeg    . . .      Spirit   .    H - +1 plate armour
rPois   +          Reflect  .    (helmet restricted)
rElec   .          Harm     .    i - scarf {rC+ rF+}
rCorr   .          Rampage  .    R - +1 pair of gloves "Oqaedil" {rPois}
Will    ++...                    r - +1 pair of boots
Stlth   ..........               s - amulet of regeneration
HPRegen 2.19/turn                B - +6 ring of strength
MPRegen 0.13/turn                A - +6 ring of strength

@: berserking, strong-willed, regenerating, very quick
A: horns 2, retaliatory headbutt
a: Renounce Religion, Berserk, Trog's Hand, Brothers in Arms


You were on level 2 of the Orcish Mines.
You worshipped Trog.
Trog was extremely pleased with you.
You visited 2 branches of the dungeon, and saw 12 of its levels.
You also visited: Bailey.

You collected 962 gold pieces.
You spent 258 gold pieces at shops.

Inventory:

Hand Weapons
 a - a +9 battleaxe (weapon)
   (You took it off an orc warlord in a bailey)
 b - a +0 arbalest
   (You took it off an orc warrior on level 2 of the Orcish Mines)
 j - the +10 hand axe "Hydra's Doom" {antimagic, rN++}
   (You found it on level 10 of the Dungeon)

   It reduces the magical energy of the wielder, and disrupts the spells and
   magical abilities of those it strikes.
   Natural abilities and divine invocations are not affected.
   rN:        It greatly protects you from negative energy.
 l - a +2 vampiric war axe
   (You took it off an orc on level 5 of the Dungeon)
 y - a +3 great mace of holy wrath
   (You acquired it on level 7 of the Dungeon)
 G - a +7 dire flail of freezing
   (You took it off Edmund on level 5 of the Dungeon)
 L - a +3 morningstar
   (You took it off a wight on level 7 of the Dungeon)
Missiles
 q - 11 javelins (quivered)
 z - 21 poisoned darts
 E - a throwing net {!f}
 P - 2 curare-tipped darts
 Q - 59 stones
 T - 3 boomerangs
Armour
 i - a scarf of resistance (worn)
   (You found it on level 10 of the Dungeon)
 p - the +5 leather armour of Indomitability {rElec rC+ Int-3}
   (You found it on level 3 of the Dungeon)

   Int:       It affects your intelligence (-3).
   rC:        It protects you from cold.
   rElec:     It insulates you from electricity.
 r - a +1 pair of boots (worn)
   (You found it on level 4 of the Dungeon)
 w - a +1 buckler of protection
   (You took it off a gnoll sergeant on level 4 of the Dungeon)
 H - a +1 plate armour (worn)
   (You took it off an orc warrior on level 9 of the Dungeon)
 R - the +1 pair of gloves "Oqaedil" (worn) {rPois}
   (You found it on level 8 of the Dungeon)

   rPois:     It protects you from poison.
Jewellery
 m - an amulet of the acrobat
   (You found it on level 2 of the Dungeon)
 o - a +4 ring of evasion
   (You found it on level 9 of the Dungeon)
 s - an amulet of regeneration (around neck)
   (You found it on level 8 of the Dungeon)
 A - a +6 ring of strength (right hand)
   (You found it on level 7 of the Dungeon)
 B - a +6 ring of strength (left hand)
   (You found it on level 5 of the Dungeon)
 F - a ring of willpower
   (You took it off a centaur on level 9 of the Dungeon)
 U - a +4 ring of evasion
   (You found it on level 10 of the Dungeon)
Wands
 d - a wand of iceblast (6)
   (You took it off an orc wizard on level 7 of the Dungeon)
 f - a wand of flame (3)
   (You found it on level 8 of the Dungeon)
 u - a wand of paralysis (4)
   (You found it on level 8 of the Dungeon)
 x - a wand of acid (7)
   (You found it on level 4 of the Dungeon)
 D - a wand of digging (5)
   (You found it on level 8 of the Dungeon)
Scrolls
 c - 3 scrolls of butterflies
 h - 3 scrolls of poison {!r}
 n - 3 scrolls of vulnerability {!r}
 t - 2 scrolls of teleportation {@r4}
 I - a scroll of magic mapping
 O - a scroll of fear
Potions
 e - a potion of lignification {unknown}
 g - 3 potions of mutation {!q}
 k - 10 potions of curing {@q1}
 v - a potion of flight {unknown}
 C - 4 potions of cancellation
 J - a potion of magic {unknown}
 M - 2 potions of resistance
 N - 2 potions of heal wounds {@q2}
Miscellaneous
 K - a phial of floods
   (You found it in a bailey)
 S - a box of beasts
   (You found it on level 10 of the Dungeon)


   Skills:
 + Level 11.6 Fighting
 * Level 16.9(17.5) Axes
 - Level 8.1(13.5) Maces & Flails
 + Level 10.2 Ranged Weapons
 - Level 6.5 Armour
 - Level 2.1 Dodging
 + Level 5.9 Evocations


You had 12 spell levels left.
You didn't know any spells.
Your spell library was empty.

Dungeon Overview and Level Annotations

Branches:
Dungeon (10/15)            Temple (0/1) D:6            Lair (0/5) D:9
    Orc (2/2) D:9          Bailey (visited)
    Elf: Orc:2

Altars:
Dithmenos
Elyvilon
Nemelex Xobeh
Okawaru
Qazlal
Ru
Sif Muna
Trog
Uskayaw
Zin
The Shining One

Shops:
D:2 *[[   D:3 *


Innate Abilities, Weirdness & Mutations

You have a pair of horns on your head.
You reflexively headbutt those who attack you in melee.


Message History

You kill the orc!
Trog accepts your kill.
You closely miss the warg. The warg bites you.
You open the orc like a pillowcase!!!
You kill the orc!
Trog accepts your kill.
You slash the warg! You hit the warg. The warg bites you but does no damage.
The warg completely misses you.
The orc warlord hits you from afar with a +0 halberd!
You slice the warg!!
You kill the warg!
Trog accepts your kill.
You slice the orc priest!!
You kill the orc priest!
Trog accepts your kill.
You slash the warg! The warg bites you but does no damage.
You have reached level 13!
The orc warrior barely misses you.
The orc warlord hits you but does no damage.
You completely miss the orc warlord. You slice the warg!!
You kill the warg!
Trog accepts your kill.
You hit the orc warrior but do no damage.
You slash the orc!
You kill the orc!
Trog accepts your kill.
The orc warrior hits you with a +0 trident.
The orc warlord hits you with a +0 halberd!!!
* * * LOW HITPOINT WARNING * * *
You cut the orc warlord into ribbons!!! Your headbutt misses the orc warlord.
You slice the orc!!
You kill the orc!
Trog accepts your kill.
You cut the orc warrior into ribbons!!!
You kill the orc warrior!
Trog accepts your kill.
You slice the orc warlord!! You headbutt the orc warlord!
The orc warlord hits you with a +0 halberd!!!
* * * LOW HITPOINT WARNING * * *
You slice the orc warlord!! You completely miss the orc warlord.
The orc warlord hits you with a +0 halberd!!
* * * LOW HITPOINT WARNING * * *
You slice the orc warlord!!
You kill the orc warlord!
Trog accepts your kill.
You completely miss the orc knight. You barely miss the orc knight.
The orc knight hits you with a +0 long sword!!
You die...

..... .... ......#
.... .......###..#
........##...
..#.........#
..$......#..### #
#........)....#.##
........))<[.....#
.....#..)@))[...#.
#..[o..#)......
.....#)$..####.....
.....[##.## #...
.....# ### .. .....
. #... #.. ...


You could see an orc knight (strong).

Vanquished Creatures
  3 orc warlords
  Josephine (D:10)
  2 orc knights (Bailey)
  An orc sorcerer (Orc:1)
  An unseen horror (D:10)
  A tengu conjurer (D:9)
  3 trolls
  A hornet (D:9)
  20 yaks
  2 shadows
  2 wyverns (D:9)
  2 vampires
  8 wraiths
  4 steam dragons
  5 wargs
  An acid dragon (D:9)
  Edmund (D:5)
  3 water moccasins
  A floating eye (D:9)
  A black bear (D:7)
  19 orc warriors
  An ice beast (D:5)
  4 ogres
  9 centaurs
  4 kobold brigands
  6 bullfrogs
  5 scorpions
  2 gnoll sergeants
  15 wights
  9 killer bees
  4 electric eels (D:10)
  4 howler monkeys
  5 lava snakes
  5 hounds
  4 jellies
  14 orc priests
  A gnoll bouda (D:8)
  An iguana (D:5)
  9 orc wizards
  18 gnolls
  12 adders
  A shadow imp (D:6)
  A white imp (D:7)
  3 ufetubi
  3 worms
  4 dart slugs
  72 orcs
  9 ball pythons
  13 endoplasms
  3 giant cockroaches
  14 goblins
  11 hobgoblins
  10 jackals
  6 quokkas
  2 bats
  3 frilled lizards
  28 kobolds
  6 rats
  2 bushes (D:2)
405 creatures vanquished.

Vanquished Creatures (others)
  A bush (D:9)
  10 fungi
  23 plants
  11 toadstools (D:2)
45 creatures vanquished.

Grand Total: 450 creatures vanquished

Notes
Turn   | Place    | Note
-------+----------+-------------------------------------------
     0 | D:1      | Pooter the Minotaur Berserker began the quest for the Orb.
     0 | D:1      | Reached XP level 1. HP: 19/19 MP: 0/0
   196 | D:1      | Reached skill level 4 in Axes
   343 | D:1      | Reached XP level 2. HP: 18/27 MP: 1/1
  1259 | D:2      | Reached XP level 3. HP: 33/33 MP: 2/2
  1341 | D:2      | Reached skill level 5 in Axes
  1674 | D:2      | Found Juthunoe's Armour Shoppe.
  1706 | D:2      | Found a faded altar of an unknown god.
  1855 | D:2      | Reached XP level 4. HP: 37/41 MP: 3/3
  1902 | D:2      | Reached ** piety under Trog
  1959 | D:2      | Found Qooplal's Antique Armour Shop.
  2208 | D:2      | Reached skill level 5 in Fighting
  2208 | D:2      | Reached skill level 6 in Axes
  2208 | D:2      | Reached XP level 5. HP: 48/48 MP: 4/4
  2544 | D:2      | Found Tutwu's General Store.
  2553 | D:2      | Bought 3 scrolls of identify for 72 gold pieces
  2855 | D:3      | Found Boho Woiho's Assorted Antiques.
  2935 | D:2      | Bought a scroll of identify for 24 gold pieces
  3038 | D:3      | Found a hide-covered altar of Uskayaw.
  3309 | D:3      | Identified the +5 leather armour of Indomitability {rElec
                  | rC+ Int-3}
  3412 | D:3      | Found a shadowy altar of Dithmenos.
  3946 | D:4      | Reached *** piety under Trog
  3947 | D:4      | Reached skill level 7 in Axes
  4030 | D:4      | Reached XP level 6. HP: 48/56 MP: 5/5
  4037 | D:4      | Reached skill level 1 in Maces & Flails
  4545 | D:5      | Entered Level 5 of the Dungeon
  4602 | D:5      | Found a white marble altar of Elyvilon.
  4607 | D:5      | Noticed an ice beast
  4613 | D:5      | Killed an ice beast
  4614 | D:5      | Reached skill level 1 in Evocations
  4614 | D:5      | Reached XP level 7. HP: 63/63 MP: 6/6
  4621 | D:5      | Identified the +8 spear "Midalah" {pain, *Noise rElec
                  | rPois}
  4621 | D:5      | Noticed a steam dragon
  4632 | D:5      | Killed a steam dragon
  4633 | D:5      | Reached skill level 8 in Axes
  4797 | D:5      | Noticed Edmund
  4806 | D:5      | Killed Edmund
  4807 | D:5      | Reached skill level 1 in Ranged Weapons
  4975 | D:5      | Reached XP level 8. HP: 67/71 MP: 7/7
  5155 | D:5      | Reached skill level 9 in Axes
  5478 | D:5      | Found a sacrificial altar of Ru.
  5727 | D:6      | Found a stormy altar of Qazlal.
  6028 | D:6      | Found a sparkling altar of Nemelex Xobeh.
  6278 | D:6      | Found an iron altar of Okawaru.
  6385 | D:6      | Found a staircase to the Ecumenical Temple.
  6459 | D:7      | Reached skill level 5 in Maces & Flails
  6459 | D:7      | Reached XP level 9. HP: 79/79 MP: 8/8
  6916 | D:7      | Reached skill level 5 in Ranged Weapons
  6951 | D:7      | Found a flagged portal.
  6960 | Bailey   | Entered a bailey
  6978 | Bailey   | Reached **** piety under Trog
  7019 | Bailey   | Noticed an orc knight
  7029 | Bailey   | Killed an orc knight
  7092 | Bailey   | Noticed an orc knight
  7218 | Bailey   | Killed an orc knight
  7219 | Bailey   | Reached skill level 10 in Axes
  7284 | Bailey   | Noticed an orc warlord
  7285 | Bailey   | Reached XP level 10. HP: 90/90 MP: 9/9
  7297 | Bailey   | Killed an orc warlord
  7913 | D:7      | Found a bloodstained altar of Trog.
  8187 | D:7      | Found a glowing silver altar of Zin.
  8369 | D:7      | Identified a scroll of acquirement
  8370 | D:7      | Acquired a +3 great mace of holy wrath
  8849 | D:8      | Reached skill level 11 in Axes
  9516 | D:8      | Identified the +1 pair of gloves "Oqaedil" {rPois}
  9752 | D:9      | Found a glowing golden altar of the Shining One.
  9785 | D:9      | Reached skill level 12 in Axes
  9824 | D:9      | Reached XP level 11. HP: 77/99 MP: 10/10
  9828 | D:9      | Reached skill level 10 in Fighting
  9844 | D:9      | Found a staircase to the Orcish Mines.
  9925 | D:9      | Reached skill level 15 in Axes
  9925 | D:9      | Reached XP level 12. HP: 106/106 MP: 11/11
 10002 | D:9      | Paralysed by a floating eye for 4 turns
 10066 | D:9      | Found a shimmering blue altar of Sif Muna.
 10352 | D:3      | Bought a scroll of teleportation for 78 gold pieces
 10405 | D:2      | Bought a scroll of fear for 48 gold pieces
 10405 | D:2      | Bought a potion of curing for 36 gold pieces
 10789 | D:9      | Reached ***** piety under Trog
 11012 | D:9      | Found a staircase to the Lair.
 11322 | D:10     | Entered Level 10 of the Dungeon
 11395 | D:10     | Received a gift from Trog
 11708 | D:10     | Noticed Josephine
 11713 | D:10     | Reached skill level 16 in Axes
 11719 | D:10     | Reached skill level 5 in Evocations
 11726 | D:10     | Killed Josephine
 11763 | D:10     | Identified the +10 hand axe "Hydra's Doom" {antimagic,
                  | rN++}
 11989 | Orc:1    | Entered Level 1 of the Orcish Mines
 12084 | Orc:1    | Noticed an orc warlord
 12164 | D:9      | Killed an orc warlord
 12165 | D:9      | Reached skill level 10 in Ranged Weapons
 12384 | Orc:2    | Entered Level 2 of the Orcish Mines
 12408 | Orc:2    | Noticed an orc warlord
 12475 | Orc:2    | Reached XP level 13. HP: 113/116 MP: 12/12
 12480 | Orc:2    | HP: 1/174 [orc warlord/+0 halberd (28)]
 12481 | Orc:2    | Killed an orc warlord
 12482 | Orc:2    | Annihilated by an orc knight

Illustrated notes

Levels and vault maps discovered:
D:1:      eino_arrival_water_cross, layout_basic, minmay_misc_feat_enclosed,
          st_stairs_9
D:2:      cheibrodos_fertilizer, layout_loops_ring, serial_shops,
          nicolae_shop_waterfront, shop, nicolae_diamond_shop,
          dreamdust_ecumenical_altar_grove, serial_forest,
          infiniplex_forest_straight_2, infiniplex_forest_lined_2,
          infiniplex_forest_corner_1, infiniplex_forest_end_2,
          infiniplex_forest_end_1, infiniplex_forest_straight_5,
          infiniplex_forest_end_double
D:3:      layout_loops_ring, nicolae_uskayaw_suspiria,
          mainiacjoe_overflow_six_doors_small, serial_shops,
          nicolae_shop_overgrown_old_shop, grunt_ministairs_4
D:4:      layout_gridville, kennysheep_dice
D:5:      layout_loops_ring, lemuel_round_altar,
          nicolae_ru_the_path_less_chosen, minmay_divided_ellipse, uniq_edmund
D:6:      layout_cave_pools, nemelex_dance_club_becter,
          hellmonk_okawaru_the_only_friend_you_need,
          nicolae_qazlal_general_emergency, temple_hall
D:7:      layout_gridville, mainiacjoe_overflow_catch_the_wave, enter_bailey_3
D:8:      layout_basic, grunt_decor_junction
D:9:      layout_stronghold, nicolae_tso_swordbearing_angel,
          amcnicky_altar_gilded, minmay_lair_entry_grove, david_orc_5,
          onia_ninara_cookie
D:10:     layout_basic, hangedman_abyss_or_decor_slice, chequers_avenue,
          uniq_josephine
Orc:1:    layout_diamond_mine
Orc:2:    st_orc_ogre_mass, layout_caves, hangedman_minor_magic, uniq_urug

Skill      XL: |  1  2  3  4  5  6  7  8  9 10 11 12 |
---------------+-------------------------------------+-----
Axes           | 4 5 6 7 8 9 10 12 15 16 | 16.9
Fighting       | 4 5 6 7 8 9 10 11 | 11.6
Maces & Flails | 1 2 5 7 8 |  8.1
Evocations     | 1 2 3 4 5 |  5.9
Ranged Weapons | 2 4 6 8 10 | 10.2
Armour         | 6 |  6.5
Dodging        | |  2.1

Action                   |  1- 3 |  4- 6 |  7- 9 | 10-12 | 13-15 || total
-------------------------+-------+-------+-------+-------+-------++-------
Melee: Hand axe          |    75 |   245 |       |       |       ||   320
       Headbutt          |     9 |    75 |    21 |    31 |     1 ||   137
       Punch             |     1 |     4 |       |       |       ||     5
       Morningstar       |       |    38 |       |       |       ||    38
       Short sword       |       |     9 |       |       |       ||     9
       War axe           |       |     4 |    40 |       |       ||    44
       Dire flail        |       |       |   112 |     6 |       ||   118
       Battleaxe         |       |       |       |   243 |     7 ||   250
 Fire: Shortbow          |       |       |    63 |    85 |       ||   148
Throw: Stone             |       |     7 |       |       |       ||     7
       Javelin           |       |     4 |       |     8 |       ||    12
Invok: Berserk           |     2 |     5 |     6 |     6 |       ||    19
       Trog's Hand       |       |     1 |     7 |    11 |       ||    19
Evoke: Wand              |       |       |     2 |    17 |       ||    19
  Use: Scroll            |     2 |    11 |     4 |    11 |       ||    28
       Potion            |       |       |       |     2 |       ||     2
 Stab: Sleeping          |       |     1 |       |       |       ||     1
Armor: Animal skin       |    10 |     1 |       |       |       ||    11
       Leather armour    |       |    35 |    57 |    44 |       ||   136
       Robe              |       |     1 |       |       |       ||     1
       Plate armour      |       |       |       |   137 |     1 ||   138
Dodge: Dodged            |    55 |   108 |   101 |   192 |     1 ||   457
Block: Buckler           |       |     5 |     3 |       |       ||     8

Table legend: (Time is in decaauts)
 A = Elapsed time spent in this place.
 B = Non-inter-level travel time spent in this place.
 C = Inter-level travel time spent in this place.
 D = Time resting spent in this place.
 E = Time spent auto-exploring this place.
 F = Levels seen in this place.
 G = Mean time per level.
                   A        B        C        D        E       F      G
               +--------+--------+--------+--------+--------+-----+--------+
         Total |  12654 |  11889 |    765 |   2142 |   7208 |  13 |  973.4 |
       Dungeon |  11614 |  10849 |    765 |   1779 |   6950 |  10 | 1161.4 |
  Orcish Mines |    373 |    373 |      0 |     51 |    167 |   2 |  186.5 |
        Bailey |    666 |    666 |      0 |    312 |     91 |   1 |  666.0 |
               +--------+--------+--------+--------+--------+-----+--------+

Top non-repeatable levels by time:
     D:2: 1764 daAuts
     D:7: 1680 daAuts
     D:9: 1644 daAuts
     D:1: 1264 daAuts
     D:5: 1214 daAuts
     D:8: 928 daAuts
     D:3: 881 daAuts
     D:4: 843 daAuts
     D:6: 767 daAuts
  Bailey: 666 daAuts
    D:10: 624 daAuts
   Orc:1: 333 daAuts
   Orc:2: 40 daAuts
